 Dungeon Sprint DCSS version 0.15.0 (webtiles) character file.

386268 zercules the Skullcrusher (level 20, -3/188 HPs)
             Began as a Deep Dwarf Berserker on Aug 28, 2014.
             Was the Champion of Trog.
             Killed from afar by Hyor the pandemonium lord (45 damage)
             ... with a great blast of fire
             ... in the Dungeon (Sprint IX: "|||||||||||||||||||||||||||||").
             The game lasted 02:18:17 (9326 turns).

zercules the Skullcrusher (Deep Dwarf Berserker)    Turns: 9326, Time: 02:18:17

HP  -3/188       AC 30     Str 24      XL: 20   Next: 82%
MP   8/8         EV 30     Int  6 (7)  God: Trog [******]
Gold 453         SH 27     Dex 20      Spells:  0 memorised, 19 levels left

rFire  . . .     SeeInvis +     z - +9 eveningstar (antimagic)
rCold  . . .     Rnd*Rage +     V - +3 plate armour "Ufimpega" {rElec MR+ Slay+3}
rNeg   + . .     rCorr    .     U - +0 large shield {reflect}
rPois  .         rRot     .     E - +0 hat {MR+}
rElec  +         Spirit   .     r - +2 cloak
SustAb .         Warding  .     I - +1 pair of gloves
rMut   +         NoTele   +     P - +1 pair of boots
Gourm  .                        w - amulet of resist mutation
MR     +++++                    t - ring of Fiedamed {Int+3 Slay+3 SInv}
                                k - ring "Kuowiq" {Str+4 Dex+4 Slay+3}

@: non-regenerating, almost entirely resistant to hostile enchantments, very
unstealthy
A: damage resistance, recharge devices, berserk 2, blurry vision 1, clumsy 1,
deformed body, deterioration 1, dopey 2, frail 2, low mp 2, negative energy
resistance 1, sense surroundings 3, screaming 1, slow healing 3, spit poison 1,
weak 2, forlorn, placid magic 1
a: Device Recharging, Spit Poison, Burn Spellbooks, Berserk, Trog's Hand,
Brothers in Arms, Renounce Religion
0: Orb of Zot
}: 5/15 runes: decaying, serpentine, barnacled, silver, gossamer


You were in the Dungeon.
You worshipped Trog.
Trog was exalted by your worship.
You were not hungry.

You visited 1 branch You collected 1893 gold pieces.
You spent 1440 gold pieces at shops.


Innate Abilities, Weirdness & Mutations

You are resistant to damage.
You can recharge devices by infusing magical energy.
You resist negative energy.
You passively map a large area around you.
You do not heal naturally.
You often lose your temper in combat.
Your vision is a little blurry.
You are clumsy. (Dex -2)
Armour fits poorly on your strangely shaped body.
Your body is slowly deteriorating.
You are very dopey. (Int -4)
You are very frail (-20% HP).
Your magical capacity is very low (-20% MP).
You occasionally shout uncontrollably at your foes.
You can spit poison.
You are very weak. (Str -4)
You have difficulty communicating with the divine.
Your spells are a little easier to cast, but a little less powerful.


   Skills:
 O Level 27 Fighting
 O Level 27 Maces & Flails
 O Level 27 Crossbows
 O Level 27 Throwing
 O Level 27 Armour
 O Level 27 Dodging
 + Level 13.3 Stealth
 O Level 27 Shields
 O Level 27 Evocations


You had 19 spell levels left.
You didn't know any spells.

Dungeon Overview and Level Annotations

Branches:
Dungeon (1/1)

Altars:
Cheibriados
Dithmenos
Elyvilon
Fedhas
Kikubaaqudgha
Makhleb
Nemelex Xobeh
Okawaru
Qazlal
Sif Muna
Trog
Vehumet
Xom
Yredelemnul
Zin
The Shining One
Beogh
Jiyva
Lugonu

Shops:
D [[=[

Inventory:

Hand weapons
 a - a +1 demon whip of electrocution
   (You took it off Mara in the Dungeon)
 b - a +1 triple crossbow of freezing
   (Trog gifted it to you in the Dungeon)
 q - the +8 mace "Blody" {crush, rF++ Dex+1 SInv}
   (Trog gifted it to you in the Dungeon)

   It inflicts extra damage upon your enemies.
   It affects your dexterity (+1).
   It greatly protects you from fire.
   It enhances your eyesight.
 u - the +0 flail "Cyikhex" {freeze, +Rage rN+}
   (Trog gifted it to you in the Dungeon)

   It has been specially enchanted to freeze those struck by it, causing extra
   injury to most foes and up to double damage against particularly susceptible
   opponents.
   It can also slow down cold-blooded creatures.
   It protects you from negative energy.
   It lets you go berserk.
 z - a +9 antimagic eveningstar (weapon)
   (Trog gifted it to you in the Dungeon)
 G - the +12 dire flail of the Two Names {crush, SInv}
   (Trog gifted it to you in the Dungeon)

   It inflicts extra damage upon your enemies.
   It enhances your eyesight.
 H - a +5 eveningstar of protection
   (Trog gifted it to you in the Dungeon)
 X - the +5 demon whip of Plague {freeze, MR+}
   (Trog gifted it to you in the Dungeon)

   It has been specially enchanted to freeze those struck by it, causing extra
   injury to most foes and up to double damage against particularly susceptible
   opponents.
   It can also slow down cold-blooded creatures.
   It affects your resistance to hostile enchantments.
Missiles
 g - 14 bolts of frost
 l - a throwing net
 o - 17 bolts
 y - 4 tomahawks of dispersal {!f}
 D - 14 javelins of penetration
 J - 6 poisoned javelins
 M - 14 bolts of flame
 N - 10 silver javelins (quivered)
 T - 8 silver bolts
 Z - 25 steel javelins
Armour
 r - a +2 cloak (worn)
 s - a storm dragon hide
 E - a +0 hat of magic resistance (worn)
   (You found it in the Dungeon)
 I - a +1 pair of gloves (worn)
 P - a +1 pair of boots (worn)
 S - a +1 cloak of poison resistance
   (You found it in the Dungeon)
 U - a +0 large shield of reflection (worn)
   (You found it in the Dungeon)
 V - the +3 plate armour "Ufimpega" (worn) {rElec MR+ Slay+3}
   (You found it in the Dungeon)

   It affects your accuracy and damage with ranged weapons and melee attacks
   (+3).
   It insulates you from electricity.
   It affects your resistance to hostile enchantments.
Magical devices
 c - a wand of heal wounds (0) {@v2}
 n - a wand of draining (6)
 Y - a wand of hasting (5) {@v3}
Comestibles
 A - 40 fruits
 B - 12 bread rations
 C - a meat ration
Scrolls
 m - 3 scrolls of remove curse {@r8}
 x - a scroll of vulnerability
 K - 2 scrolls of fear
 Q - a scroll of enchant weapon
 R - 2 scrolls of recharging
 W - 5 scrolls of fog
Jewellery
 j - the amulet "Skeavvaig" {Ward rN+ Dex+1 Int+3}
   (You found it in the Dungeon)

   [amulet of warding]

   It may prevent the melee attacks of summoned creatures.
   It affects your intelligence (+3).
   It affects your dexterity (+1).
   It protects you from negative energy.
 k - the ring "Kuowiq" (left hand) {Str+4 Dex+4 Slay+3}
   (You found it in the Dungeon)

   [ring of slaying]

   It affects your strength (+4).
   It affects your dexterity (+4).
   It affects your accuracy and damage with ranged weapons and melee attacks
   (+3).
 t - the ring of Fiedamed (right hand) {Int+3 Slay+3 SInv}
   (You found it in the Dungeon)

   [ring of intelligence]

   It affects your intelligence (+3).
   It affects your accuracy and damage with ranged weapons and melee attacks
   (+3).
   It enhances your eyesight.
 v - an uncursed ring of poison resistance
 w - an amulet of resist mutation (around neck)
 F - an uncursed ring of see invisible
 L - a +4 ring of protection
 O - a +6 ring of dexterity
Potions
 d - 2 potions of brilliance
 e - 6 potions of curing {@q1}
 h - 4 potions of magic
 i - 3 potions of berserk rage
 p - a potion of haste {@q3}

##################
.#...#...#...#.C@#
.#.#.#.#.#.#.#.#&#
.#.#.#.#.#.#.#.#(#
.#.#.#.#.#.#.#.#3#
.#.#.#.#.#.#'#.#(#
.#.#.#.#.#.#.#.#3#
.#.#.#.#.#.#.#.#4#
.#.#.#.#.#.#[#)#x#
.#.#.#.#.#.#.#.#.#


You could see Hyor, an iron devil, a smoke demon, a chaos spawn, a small
abomination and a friendly hill giant (berserk).


Message History

Aim: a fire vortex (flame)
Okay, then.
Unknown command.
Unknown command.
Unknown command.
Unknown command.
Use which ability? (? or * to list)
You feel somewhat more hungry.
You are engulfed in roaring flames.
You resist.
Hyor gestures.
The smoke demon gestures at you. Something smites you!
* * * LOW HITPOINT WARNING * * *
Evoke which item? (* to show all) (? for menu, Esc to quit)
Zapping:
c - a wand of heal wounds (1) {@v2} You feel much better.
This wand has 0 charges left.
You are engulfed in roaring flames.
You resist. The smoke demon gestures at you. Something smites you!
* * * LOW HITPOINT WARNING * * *
Throwing (i - inventory. (,) - cycle):
N - 10 silver javelins (quivered)
Aim: a fire vortex
Okay, then.
Unknown command.
You sock the fire vortex!
The fire vortex is heavily damaged.
You are engulfed in roaring flames.
You resist. The hellion gestures at you.
The hellfire explodes!
The burst of hellfire engulfs you!
* * * LOW HITPOINT WARNING * * *
The burst of hellfire engulfs the hellion.
The hellion completely resists.
A small abomination comes into view.
You shout at the small abomination!
Use which ability? (? or * to list)
Your hill giant goes berserk!
You feel somewhat more hungry. You block the hellion's attack.
Hyor gestures.
Wield which item (- for none, * to show all)? (? for menu, Esc to quit)
Okay, then.
Unknown command.
Here: a hellion (flame, moderately wounded)
The floor.
You bludgeon the hellion!!
The hellion is almost dead.
The hellion gestures at you.
The hellfire explodes!
The burst of hellfire engulfs you!
* * * LOW HITPOINT WARNING * * *
The burst of hellfire engulfs your hill giant.
The burst of hellfire engulfs the hellion.
The hellion completely resists.
Your hill giant hits the hellion with a giant spiked club!!
The hellion dies!
Trog accepts your collateral kill.
Your Stealth skill increases to level 13!
Drink which item? (? for menu, Esc to quit)
You feel much better. The smoke demon gestures at you. Something smites you!
* * * LOW HITPOINT WARNING * * *
Drink which item? (? for menu, Esc to quit)
Okay, then.
Wield which item (- for none, * to show all)? (? for menu, Esc to quit)
Okay, then.
Here: Hyor The floor.
Wield which item (- for none, * to show all)? (? for menu, Esc to quit)
You feel magic leave you.
z - a +9 antimagic eveningstar (weapon)
Hyor gestures at you.
A raging storm of fire appears!
The great blast of fire engulfs you!
You die...

Action                   |  1- 3 |  4- 6 |  7- 9 | 10-12 | 13-15 | 16-18 | 19-21 || total
-------------------------+-------+-------+-------+-------+-------+-------+-------++-------
Melee: Mace              |    40 |       |       |       |       |    71 |    58 ||   169
       Morningstar       |     4 |    20 |    10 |       |       |       |       ||    34
       Great mace        |       |       |    44 |    61 |       |       |       ||   105
       Dire flail        |       |       |       |   228 |    81 |       |       ||   309
       Flail             |       |       |       |       |    74 |       |       ||    74
       Eveningstar       |       |       |       |       |   315 |   471 |   377 ||  1163
       Demon whip        |       |       |       |       |   274 |   214 |    35 ||   523
Throw: Tomahawk          |     1 |       |       |     3 |     2 |       |       ||     6
       Javelin           |       |       |       |    31 |    22 |     7 |    86 ||   146
       Throwing net      |       |       |       |       |       |       |     1 ||     1
Invok: Trog's Hand       |     1 |     1 |     3 |    10 |    13 |    14 |    16 ||    58
       Berserk           |     1 |     1 |       |     1 |     3 |       |       ||     6
       Brothers in Arms  |       |       |       |     5 |    13 |     5 |     5 ||    28
       Burn Spellbooks   |       |       |       |       |       |     1 |       ||     1
 Abil: Device Recharging |       |       |       |     3 |     3 |     1 |     4 ||    11
Evoke: Wand              |       |     3 |     4 |     8 |    18 |     7 |    18 ||    58
  Use: Potion            |     1 |       |     1 |     8 |     8 |     3 |     6 ||    27
       Scroll            |       |       |     5 |     3 |     5 |     9 |       ||    22
 Stab: Invisible         |       |       |     2 |     1 |       |       |       ||     3
  Eat: Bread ration      |       |       |     1 |       |       |       |       ||     1
       Meat ration       |       |       |       |     2 |     3 |     3 |     3 ||    11
       Chunk             |       |       |       |       |       |     2 |       ||     2

Vault maps used:
D:        linesprint

Notes
Turn   | Place    | Note
--------------------------------------------------------------
     0 | D        | zercules, the Deep Dwarf Berserker, began the quest for the Orb.
     0 | D        | Reached XP level 1. HP: 20/20 MP: 1/1
    20 | D        | Acquired Trog's second power
    21 | D        | Reached skill level 3 in Fighting
    50 | D        | Reached skill level 3 in Armour
    57 | D        | Received a gift from Trog
    57 | D        | Reached skill level 3 in Dodging
    57 | D        | Reached XP level 2. HP: 25/28 MP: 2/2
    83 | D        | Found a glowing silver altar of Zin.
    83 | D        | Found a glowing golden altar of the Shining One.
    83 | D        | Found an ancient bone altar of Kikubaaqudgha.
    83 | D        | Found a basalt altar of Yredelemnul.
    83 | D        | Found a shimmering altar of Xom.
    83 | D        | Found a radiant altar of Vehumet.
    83 | D        | Found an iron altar of Okawaru.
    84 | D        | Found a burning altar of Makhleb.
    85 | D        | Found a deep blue altar of Sif Muna.
    86 | D        | Found a bloodstained altar of Trog.
    87 | D        | Found a sparkling altar of Nemelex Xobeh.
    88 | D        | Found a white marble altar of Elyvilon.
    89 | D        | Found a roughly hewn altar of Beogh.
    90 | D        | Found a viscous altar of Jiyva.
    91 | D        | Found a corrupted altar of Lugonu.
    92 | D        | Found a blossoming altar of Fedhas.
    93 | D        | Found a snail-covered altar of Cheibriados.
    94 | D        | Found a shadowy altar of Dithmenos.
    95 | D        | Found a stormy altar of Qazlal.
   127 | D        | Noticed a soldier ant
   127 | D        | Noticed a phantom
   127 | D        | Noticed a wight
   127 | D        | Noticed a yellow wasp
   127 | D        | Noticed a hound
   132 | D        | Killed a hound
   132 | D        | Reached skill level 4 in Fighting
   132 | D        | Reached skill level 4 in Maces & Flails
   132 | D        | Reached skill level 4 in Armour
   132 | D        | Reached skill level 4 in Dodging
   132 | D        | Reached XP level 3. HP: 36/36 MP: 3/3
   133 | D        | Killed a yellow wasp
   133 | D        | Acquired Trog's third power
   133 | D        | Reached skill level 5 in Fighting
   133 | D        | Reached skill level 5 in Maces & Flails
   133 | D        | Reached skill level 5 in Armour
   133 | D        | Reached skill level 5 in Dodging
   133 | D        | Reached XP level 4. HP: 46/46 MP: 4/4
   138 | D        | Killed a wight
   138 | D        | Reached skill level 6 in Maces & Flails
   138 | D        | Reached skill level 6 in Armour
   138 | D        | Reached skill level 6 in Dodging
   138 | D        | Reached XP level 5. HP: 52/54 MP: 5/5
   149 | D        | Killed a soldier ant
   149 | D        | Reached skill level 6 in Fighting
   149 | D        | Reached skill level 7 in Maces & Flails
   149 | D        | Reached skill level 7 in Armour
   149 | D        | Reached skill level 7 in Dodging
   149 | D        | Reached XP level 6. HP: 27/63 MP: 6/6
   152 | D        | Killed a phantom
   160 | D        | Received a gift from Trog
   191 | D        | Noticed a wraith
   191 | D        | Noticed a jelly
   191 | D        | Noticed a shadow
   191 | D        | Noticed a cyclops
   191 | D        | Noticed a troll
   192 | D        | Killed a jelly
   192 | D        | Reached skill level 7 in Fighting
   192 | D        | Reached skill level 8 in Armour
   192 | D        | Reached skill level 8 in Dodging
   197 | D        | Killed a troll
   197 | D        | Reached skill level 8 in Maces & Flails
   197 | D        | Reached XP level 7. HP: 57/73 MP: 7/7
   202 | D        | Killed a cyclops
   202 | D        | Reached skill level 8 in Fighting
   202 | D        | Reached skill level 9 in Maces & Flails
   202 | D        | Reached skill level 9 in Armour
   202 | D        | Reached skill level 9 in Dodging
   203 | D        | HP: 28/112 [something (19)]
   204 | D        | Killed a shadow
   204 | D        | Reached skill level 10 in Armour
   204 | D        | Reached XP level 8. HP: 30/82 MP: 8/8
   206 | D        | Killed a wraith
   206 | D        | Reached skill level 10 in Maces & Flails
   208 | D        | HP: 29/123 [orc/hand axe (1)]
   213 | D        | Received a gift from Trog
   430 | D        | Noticed an iguana
   430 | D        | Noticed a water moccasin
   430 | D        | Noticed a hound
   430 | D        | Noticed a crocodile
   430 | D        | Noticed a seven-headed hydra
   431 | D        | Banished a seven-headed hydra
   431 | D        | Reached skill level 12 in Maces & Flails
   433 | D        | Killed a crocodile
   435 | D        | Killed a hound
   436 | D        | Noticed a water moccasin
   440 | D        | Killed an iguana
   442 | D        | Killed a water moccasin
   442 | D        | Received a gift from Trog
   442 | D        | Reached skill level 13 in Maces & Flails
   443 | D        | Killed a water moccasin
   443 | D        | Gained mutation: You passively map the area around you. [level up]
   443 | D        | Reached XP level 9. HP: 76/90 MP: 9/9
   477 | D        | Noticed a giant frog
   477 | D        | Noticed a porcupine
   477 | D        | Noticed a six-headed hydra
   477 | D        | Noticed a porcupine
   477 | D        | Noticed a blink frog
   481 | D        | Noticed a water moccasin
   484 | D        | Killed a blink frog
   484 | D        | Received a gift from Trog
   486 | D        | Killed a porcupine
   486 | D        | Reached skill level 14 in Maces & Flails
   489 | D        | Killed a six-headed hydra
   489 | D        | Reached skill level 15 in Maces & Flails
   490 | D        | Killed a porcupine
   490 | D        | Received a gift from Trog
   497 | D        | Banished a water moccasin
   517 | D        | Noticed a brain worm
   517 | D        | Noticed a lindwurm
   517 | D        | Noticed a lindwurm
   517 | D        | Noticed a lindwurm
   517 | D        | Noticed a lindwurm
   517 | D        | Noticed a brain worm
   517 | D        | Noticed a lindwurm
   520 | D        | Noticed a lindwurm
   522 | D        | Killed a lindwurm
   522 | D        | Reached skill level 16 in Maces & Flails
   523 | D        | Killed a brain worm
   529 | D        | Killed a lindwurm
   529 | D        | Received a gift from Trog
   529 | D        | Reached skill level 17 in Maces & Flails
   529 | D        | Reached XP level 10. HP: 58/98 MP: 10/10
   531 | D        | HP: 24/98 [lindwurm (3)]
   532 | D        | Banished a lindwurm
   535 | D        | Killed a brain worm
   539 | D        | Killed a lindwurm
   539 | D        | Reached skill level 18 in Maces & Flails
   559 | D        | Received a gift from Trog
   734 | D        | Noticed an orc wizard
   734 | D        | Noticed an orc warrior
   734 | D        | Noticed an orc priest
   734 | D        | Noticed an orc wizard
   738 | D        | Noticed an orc priest
   739 | D        | Killed an orc wizard
   739 | D        | Received a gift from Trog
   740 | D        | Killed an orc priest
   745 | D        | Killed an orc warrior
   746 | D        | Killed an orc wizard
   749 | D        | Killed an orc priest
   758 | D        | Received a gift from Trog
   790 | D        | Received a gift from Trog
   845 | D        | Noticed an orc warrior
   845 | D        | Noticed an orc warrior
   845 | D        | Noticed an orc warrior
   845 | D        | Noticed an orc high priest
   845 | D        | Noticed an orc warrior
   845 | D        | Noticed an orc warrior
   847 | D        | Noticed an orc warrior
   848 | D        | Killed an orc warrior
   849 | D        | Killed an orc warrior
   850 | D        | Noticed an orc warrior
   850 | D        | Killed an orc high priest
   850 | D        | Reached skill level 11 in Armour
   852 | D        | Killed an orc warrior
   855 | D        | Killed an orc warrior
   855 | D        | Received a gift from Trog
   858 | D        | Noticed an orc knight
   858 | D        | Killed an orc warrior
   861 | D        | Killed an orc warrior
   863 | D        | Noticed an orc warrior
   865 | D        | Killed an orc warrior
   867 | D        | Noticed an orc warrior
   874 | D        | Banished an orc warrior
   874 | D        | Reached skill level 19 in Maces & Flails
   877 | D        | Killed an orc warrior
   902 | D        | Received a gift from Trog
   990 | D        | Found Twameg's Antique Armour Boutique.
   990 | D        | Noticed an orc high priest
   990 | D        | Noticed an orc high priest
   990 | D        | Noticed an orc high priest
   990 | D        | Noticed an orc high priest
   990 | D        | Noticed an orc high priest
   990 | D        | Noticed an orc knight
   991 | D        | Noticed a soul eater
  1015 | D        | Killed an orc high priest
  1016 | D        | HP: 19/98 [orc high priest/divine providence (11)]
  1016 | D        | HP: 5/98 [orc high priest/divine providence (14)]
  1017 | D        | Noticed an ice devil
  1017 | D        | Killed an orc high priest
  1017 | D        | Reached skill level 12 in Armour
  1022 | D        | HP: 17/98 [orc high priest/divine providence (12)]
  1023 | D        | Noticed an orc knight
  1026 | D        | Killed an orc high priest
  1035 | D        | Noticed an orc high priest
  1039 | D        | Noticed a sun demon
  1039 | D        | Killed an orc high priest
  1039 | D        | Reached XP level 11. HP: 32/104 MP: 10/10
  1053 | D        | Killed an orc knight
  1055 | D        | Killed an orc high priest
  1055 | D        | Reached skill level 13 in Armour
  1059 | D        | Killed an orc high priest
  1063 | D        | Found Ghickeasm's Jewellery Shop.
  1066 | D        | Found Bliof's Antique Armour Boutique.
  1070 | D        | Found Waopakysch's Antique Armour Shop.
  1072 | D        | Noticed an orc knight
  1073 | D        | Noticed an orc knight
  1074 | D        | Noticed an orc knight
  1077 | D        | Noticed an orc knight
  1079 | D        | Noticed an orc knight
  1088 | D        | Killed an orc knight
  1088 | D        | Received a gift from Trog
  1092 | D        | Killed an orc knight
  1092 | D        | Reached skill level 20 in Maces & Flails
  1128 | D        | Received a gift from Trog
  1131 | D        | Got a transparent dire flail {god gift}
  1132 | D        | Identified the +12 dire flail of the Two Names {crush, SInv} (Trog gifted it to you in the Dungeon)
  1164 | D        | Bought an ice dragon armour for 1440 gold pieces
  1175 | D        | Gained mutation: You are dopey. (Int -2) [mutagenic glow]
  1251 | D        | Noticed Harold
  1266 | D        | Killed Harold
  1266 | D        | Reached skill level 14 in Armour
  1266 | D        | Reached skill level 10 in Dodging
  1372 | D        | Killed an orc knight
  1372 | D        | Reached skill level 11 in Dodging
  1452 | D        | Noticed a slime creature
  1452 | D        | Noticed a giant frog
  1452 | D        | Noticed a gargoyle
  1452 | D        | Noticed a deep elf mage
  1452 | D        | Noticed a centaur warrior
  1452 | D        | Noticed a troll
  1454 | D        | Killed a troll
  1456 | D        | Noticed a wyvern
  1460 | D        | Noticed a stone giant
  1460 | D        | Killed a centaur warrior
  1460 | D        | Reached skill level 15 in Armour
  1461 | D        | Noticed an orb spider
  1463 | D        | Killed a deep elf mage
  1463 | D        | Received a gift from Trog
  1463 | D        | Received a gift from Trog
  1467 | D        | Killed a gargoyle
  1469 | D        | Killed a giant frog
  1469 | D        | Reached skill level 12 in Dodging
  1470 | D        | Noticed a stone giant
  1471 | D        | Noticed a red very ugly thing
  1473 | D        | Killed a slime creature
  1475 | D        | Killed a wyvern
  1478 | D        | Noticed a white ugly thing
  1479 | D        | Killed a stone giant
  1480 | D        | Noticed a vampire
  1480 | D        | Killed an orb spider
  1485 | D        | Noticed a necromancer
  1492 | D        | Killed a stone giant
  1492 | D        | Reached skill level 16 in Armour
  1492 | D        | Reached skill level 13 in Dodging
  1503 | D        | Killed a red very ugly thing
  1512 | D        | Killed a purple ugly thing
  1512 | D        | Reached XP level 12. HP: 56/112 MP: 9/9
  1517 | D        | Killed a vampire
  1517 | D        | Reached skill level 14 in Dodging
  1522 | D        | Killed a necromancer
  1656 | D        | Noticed Gastronok
  1671 | D        | Killed Gastronok
  1671 | D        | Reached skill level 17 in Armour
  1693 | D        | Killed a giant frog
  1751 | D        | Noticed a wolf spider
  1751 | D        | Noticed a scorpion
  1751 | D        | Noticed a scorpion
  1751 | D        | Noticed a demonic crawler
  1751 | D        | Noticed a boulder beetle
  1752 | D        | Noticed a redback
  1764 | D        | Killed a boulder beetle
  1764 | D        | Received a gift from Trog
  1769 | D        | Killed a demonic crawler
  1775 | D        | Killed a wolf spider
  1775 | D        | Reached skill level 15 in Dodging
  1779 | D        | Killed a redback
  1780 | D        | Killed a scorpion
  1784 | D        | Killed a scorpion
  1785 | D        | Noticed a tarantella
  1819 | D        | Killed a tarantella
  1964 | D        | Noticed a trapdoor spider
  1968 | D        | Killed a trapdoor spider
  1968 | D        | Received a gift from Trog
  1970 | D        | Noticed a trapdoor spider
  1975 | D        | Killed a trapdoor spider
  1980 | D        | Noticed a griffon
  1980 | D        | Noticed a mermaid
  1980 | D        | Noticed a merfolk
  1980 | D        | Noticed a mermaid
  1980 | D        | Noticed a sea snake
  1980 | D        | Noticed a merfolk
  1980 | D        | Noticed a snapping turtle
  1988 | D        | Noticed a faun
  1993 | D        | Killed a snapping turtle
  1994 | D        | Noticed a snapping turtle
  1996 | D        | Killed a merfolk
  2001 | D        | Killed a sea snake
  2001 | D        | Reached skill level 18 in Armour
  2004 | D        | Killed a merfolk
  2006 | D        | Killed a mermaid
  2014 | D        | Killed a mermaid
  2014 | D        | Received a gift from Trog
  2014 | D        | Reached skill level 16 in Dodging
  2016 | D        | Killed a griffon
  2022 | D        | Killed a faun
  2030 | D        | Killed a snapping turtle
  2049 | D        | Received a gift from Trog
  2053 | D        | Noticed a naga mage
  2053 | D        | Noticed a naga sharpshooter
  2053 | D        | Noticed a water moccasin
  2053 | D        | Noticed a naga
  2053 | D        | Noticed a naga
  2053 | D        | Noticed a naga sharpshooter
  2053 | D        | Noticed a black mamba
  2058 | D        | Killed a water moccasin
  2059 | D        | Noticed a shock serpent
  2063 | D        | Killed a black mamba
  2065 | D        | Noticed a black mamba
  2068 | D        | Killed a naga sharpshooter
  2078 | D        | Killed a naga sharpshooter
  2084 | D        | Killed a naga mage
  2084 | D        | Received a gift from Trog
  2084 | D        | Reached skill level 19 in Armour
  2086 | D        | Killed a naga
  2089 | D        | Killed a naga
  2094 | D        | Killed a shock serpent
  2094 | D        | Reached skill level 17 in Dodging
  2098 | D        | Killed a black mamba
  2116 | D        | Received a gift from Trog
  2183 | D        | Noticed a komodo dragon
  2183 | D        | Noticed a water moccasin
  2183 | D        | Noticed a swamp drake
  2183 | D        | Noticed a spiny frog
  2185 | D        | Killed a spiny frog
  2186 | D        | Noticed a swamp dragon
  2192 | D        | Killed a swamp drake
  2193 | D        | Noticed a green ugly thing
  2194 | D        | Killed a water moccasin
  2202 | D        | Killed a komodo dragon
  2205 | D        | Killed a swamp dragon
  2211 | D        | Killed a green ugly thing
  2211 | D        | Received a gift from Trog
  2377 | D        | Noticed a spriggan berserker
  2377 | D        | Noticed a flayed ghost
  2377 | D        | Noticed a fire giant
  2377 | D        | Noticed a red ugly thing
  2377 | D        | Noticed a yaktaur
  2377 | D        | Noticed an ice dragon
  2377 | D        | Noticed a fire crab
  2379 | D        | Killed a fire crab
  2381 | D        | Killed an ice dragon
  2385 | D        | Killed a yaktaur
  2387 | D        | Killed a red ugly thing
  2391 | D        | Killed a fire giant
  2391 | D        | Received a gift from Trog
  2391 | D        | Reached skill level 20 in Armour
  2391 | D        | Reached skill level 18 in Dodging
  2391 | D        | Reached XP level 13. HP: 61/118 MP: 10/10
  2393 | D        | Killed a flayed ghost
  2395 | D        | Noticed a deep troll earth mage
  2396 | D        | Noticed a golden dragon
  2403 | D        | Noticed a frost giant
  2403 | D        | Killed a spriggan berserker
  2414 | D        | Killed a deep troll earth mage
  2427 | D        | Killed a golden dragon
  2427 | D        | Reached skill level 19 in Dodging
  2435 | D        | Killed a frost giant
  2435 | D        | Reached skill level 21 in Armour
  2449 | D        | Received a gift from Trog
  2449 | D        | Received a gift from Trog
  2457 | D        | Noticed a jumping spider
  2458 | D        | Noticed a dire elephant
  2459 | D        | Noticed a deep troll shaman
  2459 | D        | Noticed a yaktaur
  2462 | D        | Noticed a spriggan air mage
  2463 | D        | Noticed an emperor scorpion
  2464 | D        | a jumping spider changed into a baby alligator
  2471 | D        | Noticed a green ugly thing
  2476 | D        | Killed a dire elephant
  2480 | D        | Killed a deep troll shaman
  2482 | D        | Killed a yaktaur
  2483 | D        | Killed a spriggan air mage
  2489 | D        | Killed an emperor scorpion
  2490 | D        | Killed a green ugly thing
  2514 | D        | Received a gift from Trog
  2881 | D        | Noticed a vampire mosquito
  2881 | D        | Noticed a red ugly thing
  2881 | D        | Noticed a centaur warrior
  2881 | D        | Noticed a fire dragon
  2881 | D        | Noticed an orc knight
  2881 | D        | Noticed a great orb of eyes
  2881 | D        | Noticed a slime creature
  2884 | D        | Killed a slime creature
  2884 | D        | Reached skill level 20 in Dodging
  2885 | D        | Noticed a hill giant
  2890 | D        | Killed a great orb of eyes
  2893 | D        | Noticed an ogre mage
  2894 | D        | Killed an orc knight
  2901 | D        | Killed a fire dragon
  2906 | D        | Killed a centaur warrior
  2906 | D        | Reached skill level 22 in Armour
  2907 | D        | Noticed an ironheart preserver
  2912 | D        | Killed a red ugly thing
  2913 | D        | Killed a vampire mosquito
  2915 | D        | Killed a hill giant
  2915 | D        | Received a gift from Trog
  2920 | D        | Killed an ogre mage
  2922 | D        | Killed an ironheart preserver
  2924 | D        | Received a gift from Trog
  2933 | D        | Noticed a vault sentinel
  2939 | D        | Noticed a komodo dragon
  2940 | D        | a komodo dragon changed into an eye of draining
  2941 | D        | Noticed a deep elf fighter
  2946 | D        | Killed a vault sentinel
  2947 | D        | Noticed a boulder beetle
  2948 | D        | Noticed a stone giant
  2949 | D        | Noticed a flayed ghost
  2950 | D        | Killed a deep elf fighter
  2952 | D        | Noticed a centaur warrior
  2954 | D        | Noticed a griffon
  2957 | D        | Noticed a deep elf fighter
  2957 | D        | Killed a boulder beetle
  2958 | D        | HP: 20/118 [stone giant/ large rock (42)]
  2959 | D        | Noticed an ironheart preserver
  2964 | D        | Noticed a white ugly thing
  2968 | D        | Killed a stone giant
  2968 | D        | Received a gift from Trog
  2968 | D        | Reached skill level 21 in Dodging
  2969 | D        | Killed an ironheart preserver
  2971 | D        | Killed a flayed ghost
  2973 | D        | Killed a centaur warrior
  2975 | D        | Killed a griffon
  2976 | D        | Killed a deep elf fighter
  2978 | D        | Killed a white ugly thing
  2992 | D        | Received a gift from Trog
  2993 | D        | Got a dazzling flail {god gift}
  2998 | D        | Identified the +4 flail of Orb Guardian's Bane {flame, +Blink +Rage +Inv rN+} (Trog gifted it to you in the Dungeon)
  3207 | D        | Got the +3 plate armour "Ufimpega" {rElec MR+ Slay+3}
  3258 | D        | Noticed Louise
  3258 | D        | Noticed Nikola
  3268 | D        | Killed an orc knight
  3268 | D        | Reached skill level 2 in Shields
  3282 | D        | Killed a lindwurm
  3282 | D        | Reached skill level 4 in Shields
  3293 | D        | Killed an orc knight
  3293 | D        | Reached skill level 5 in Shields
  3320 | D        | Killed Nikola
  3320 | D        | Reached skill level 9 in Shields
  3320 | D        | Gained mutation: You resist negative energy. [level up]
  3320 | D        | Reached XP level 14. HP: 119/127 MP: 10/10
  3337 | D        | Killed Louise
  3337 | D        | Received a gift from Trog
  3337 | D        | Reached skill level 10 in Shields
  3411 | D        | Killed an orc knight
  3411 | D        | Received a gift from Trog
  3434 | D        | Noticed a thorn hunter
  3434 | D        | Noticed an eight-headed hydra
  3434 | D        | Noticed a four-headed hydra
  3434 | D        | Noticed a five-headed hydra
  3434 | D        | Noticed a seven-headed hydra
  3434 | D        | Noticed a swamp dragon
  3434 | D        | Noticed a swamp dragon
  3437 | D        | Noticed a swamp dragon
  3440 | D        | Killed a swamp dragon
  3440 | D        | Reached skill level 11 in Shields
  3445 | D        | Noticed an eight-headed hydra
  3446 | D        | Killed a swamp dragon
  3453 | D        | Noticed a swamp dragon
  3454 | D        | Killed a seven-headed hydra
  3454 | D        | Reached skill level 12 in Shields
  3457 | D        | Killed a five-headed hydra
  3460 | D        | Noticed a six-headed hydra
  3461 | D        | Killed a four-headed hydra
  3461 | D        | Reached skill level 13 in Shields
  3466 | D        | Killed an eight-headed hydra
  3477 | D        | Killed a thorn hunter
  3477 | D        | Reached skill level 14 in Shields
  3487 | D        | Killed a swamp dragon
  3487 | D        | Received a gift from Trog
  3492 | D        | Killed an eight-headed hydra
  3492 | D        | Reached skill level 15 in Shields
  3495 | D        | Noticed a swamp dragon
  3500 | D        | Killed a swamp dragon
  3507 | D        | Killed a six-headed hydra
  3517 | D        | Killed a swamp dragon
  3517 | D        | Reached skill level 16 in Shields
  3519 | D        | Received a gift from Trog
  3525 | D        | Noticed an eight-headed hydra
  3535 | D        | Killed an eight-headed hydra
  3538 | D        | Got a decaying rune of Zot
  3572 | D        | Noticed a moth of wrath
  3572 | D        | Noticed a jumping spider
  3572 | D        | Noticed a jumping spider
  3572 | D        | Noticed an emperor scorpion
  3572 | D        | Noticed a moth of wrath
  3572 | D        | Noticed an emperor scorpion
  3575 | D        | Killed a jumping spider
  3581 | D        | Noticed a ghost moth
  3582 | D        | Noticed a moth of wrath
  3605 | D        | Killed a jumping spider
  3607 | D        | Killed an emperor scorpion
  3610 | D        | Killed a moth of wrath
  3610 | D        | Reached skill level 17 in Shields
  3643 | D        | Killed an emperor scorpion
  3648 | D        | Killed a ghost moth
  3648 | D        | Reached skill level 18 in Shields
  3654 | D        | Killed a moth of wrath
  3654 | D        | Received a gift from Trog
  3659 | D        | Killed a moth of wrath
  3674 | D        | Noticed a jumping spider
  3675 | D        | Noticed a redback
  3676 | D        | Noticed a ghost moth
  3680 | D        | Killed a redback
  3681 | D        | Noticed an emperor scorpion
  3692 | D        | Killed a ghost moth
  3692 | D        | Received a gift from Trog
  3693 | D        | Killed a jumping spider
  3693 | D        | Reached skill level 19 in Shields
  3710 | D        | Killed an emperor scorpion
  3715 | D        | Noticed a moth of wrath
  3722 | D        | Killed a moth of wrath
  3726 | D        | Got a gossamer rune of Zot
  3749 | D        | Noticed a greater naga
  3749 | D        | Noticed a greater naga
  3749 | D        | Noticed a guardian serpent
  3749 | D        | Noticed a guardian serpent
  3749 | D        | Noticed a naga
  3749 | D        | Noticed a naga
  3749 | D        | Noticed a greater naga
  3750 | D        | Noticed a naga mage
  3754 | D        | Noticed a greater naga
  3756 | D        | Killed a naga mage
  3756 | D        | Received a gift from Trog
  3759 | D        | Killed a naga
  3760 | D        | Noticed a naga
  3762 | D        | Killed a naga
  3763 | D        | Noticed a greater naga
  3763 | D        | Noticed a naga warrior
  3770 | D        | Killed a naga warrior
  3770 | D        | Reached skill level 20 in Shields
  3775 | D        | Killed a naga
  3784 | D        | Killed a greater naga
  3794 | D        | Killed a greater naga
  3796 | D        | Killed a greater naga
  3796 | D        | Reached skill level 21 in Shields
  3800 | D        | Killed a guardian serpent
  3800 | D        | Received a gift from Trog
  3804 | D        | Killed a greater naga
  3808 | D        | Killed a guardian serpent
  3815 | D        | Killed a greater naga
  3820 | D        | Received a gift from Trog
  3845 | D        | Noticed a guardian serpent
  3851 | D        | Killed a guardian serpent
  3853 | D        | Got a serpentine rune of Zot
  3906 | D        | Noticed Ilsuiw
  3906 | D        | Noticed a merfolk javelineer
  3906 | D        | Noticed a merfolk impaler
  3906 | D        | Noticed a merfolk
  3906 | D        | Noticed a merfolk impaler
  3906 | D        | Noticed a siren
  3906 | D        | Noticed a merfolk impaler
  3912 | D        | Noticed a siren
  3913 | D        | Killed a siren
  3913 | D        | Reached skill level 22 in Shields
  3914 | D        | Noticed a merfolk javelineer
  3920 | D        | Killed a merfolk impaler
  3920 | D        | Reached XP level 15. HP: 119/134 MP: 9/9
  3929 | D        | Killed a merfolk impaler
  3929 | D        | Received a gift from Trog
  3931 | D        | Noticed a merfolk javelineer
  3933 | D        | Noticed a merfolk aquamancer
  3934 | D        | Killed a merfolk javelineer
  3938 | D        | Noticed a merfolk
  3943 | D        | Noticed a merfolk aquamancer
  3958 | D        | Killed Ilsuiw
  3960 | D        | Killed a merfolk aquamancer
  3964 | D        | Got a shimmering demon whip {god gift}
  3964 | D        | Killed a merfolk aquamancer
  3964 | D        | Reached skill level 23 in Shields
  3965 | D        | Identified the +5 demon whip of Plague {freeze, MR+} (Trog gifted it to you in the Dungeon)
  3967 | D        | Killed a siren
  3975 | D        | Killed a merfolk javelineer
  3979 | D        | Killed a merfolk javelineer
  3987 | D        | Killed a merfolk impaler
  3987 | D        | Received a gift from Trog
  3995 | D        | Killed a merfolk
  3999 | D        | Killed a merfolk
  4005 | D        | Got a barnacled rune of Zot
  4013 | D        | Received a gift from Trog
  4053 | D        | Noticed Jory
  4084 | D        | Killed Jory
  4084 | D        | Reached skill level 24 in Shields
  4091 | D        | Noticed Xtahua
  4093 | D        | Noticed Boris
  4110 | D        | Killed Xtahua
  4110 | D        | Reached skill level 25 in Shields
  4123 | D        | Killed Boris
  4123 | D        | Reached skill level 21 in Maces & Flails
  4213 | D        | Noticed a vault guard
  4213 | D        | Noticed a vault guard
  4213 | D        | Noticed a vault guard
  4213 | D        | Noticed a vault guard
  4213 | D        | Noticed a vault guard
  4213 | D        | Noticed a vault guard
  4213 | D        | Noticed a vault guard
  4218 | D        | Killed a vault guard
  4225 | D        | Killed a vault guard
  4225 | D        | Received a gift from Trog
  4227 | D        | Noticed a vault guard
  4228 | D        | Killed a vault guard
  4232 | D        | Noticed a vault guard
  4236 | D        | Killed a vault guard
  4238 | D        | Killed a vault guard
  4240 | D        | Noticed a vault guard
  4242 | D        | Killed a vault guard
  4244 | D        | Noticed a vault guard
  4246 | D        | Killed a vault guard
  4247 | D        | Killed a vault guard
  4252 | D        | Killed a vault guard
  4252 | D        | Received a gift from Trog
  4256 | D        | Killed a vault guard
  4256 | D        | Reached skill level 22 in Maces & Flails
  4258 | D        | Killed a vault guard
  4274 | D        | Noticed a vault guard
  4275 | D        | Noticed a vault guard
  4275 | D        | Noticed a vault guard
  4276 | D        | Noticed a vault guard
  4277 | D        | Noticed a vault guard
  4281 | D        | Noticed a vault guard
  4283 | D        | Killed a vault guard
  4287 | D        | Noticed a vault guard
  4292 | D        | Noticed a vault guard
  4299 | D        | Killed a vault guard
  4311 | D        | Killed a vault guard
  4311 | D        | Received a gift from Trog
  4326 | D        | Killed a vault guard
  4336 | D        | Killed a vault guard
  4336 | D        | Reached skill level 23 in Maces & Flails
  4349 | D        | Killed a vault guard
  4358 | D        | Killed a vault guard
  4373 | D        | Killed a vault guard
  4376 | D        | Received a gift from Trog
  4382 | D        | Noticed a vault guard
  4383 | D        | Noticed a vault guard
  4383 | D        | Noticed a vault guard
  4384 | D        | Noticed a vault guard
  4394 | D        | Noticed a vault guard
  4397 | D        | Killed a vault guard
  4404 | D        | Noticed a vault guard
  4408 | D        | Killed a vault guard
  4418 | D        | Killed a vault guard
  4418 | D        | Received a gift from Trog
  4418 | D        | Reached skill level 9 in Fighting
  4436 | D        | Killed a vault guard
  4458 | D        | Killed a vault guard
  4458 | D        | Reached skill level 10 in Fighting
  4466 | D        | Killed a vault guard
  4608 | D        | Noticed a stone giant
  4608 | D        | Noticed a lich
  4608 | D        | Noticed an ironheart preserver
  4608 | D        | Noticed a boulder beetle
  4608 | D        | Noticed an orc knight
  4608 | D        | Noticed an orc knight
  4608 | D        | Noticed a vault sentinel
  4611 | D        | Killed a vault sentinel
  4611 | D        | Reached skill level 11 in Fighting
  4612 | D        | Noticed an ironbrand convoker
  4618 | D        | Killed an orc knight
  4619 | D        | Noticed a stone giant
  4620 | D        | Killed an orc knight
  4631 | D        | Noticed an ironbrand convoker
  4633 | D        | Killed a boulder beetle
  4633 | D        | Received a gift from Trog
  4634 | D        | Noticed a harpy
  4635 | D        | Noticed a shadow dragon
  4639 | D        | Killed an ironheart preserver
  4643 | D        | Killed a lich
  4645 | D        | Killed a stone giant
  4645 | D        | Reached skill level 12 in Fighting
  4647 | D        | Killed an ironbrand convoker
  4651 | D        | Noticed a vault sentinel
  4653 | D        | Noticed a shadow dragon
  4657 | D        | Noticed an ironheart preserver
  4657 | D        | Killed a stone giant
  4662 | D        | Noticed an ironheart preserver
  4662 | D        | Killed an ironbrand convoker
  4665 | D        | Killed a harpy
  4665 | D        | Reached skill level 13 in Fighting
  4676 | D        | Noticed a stone giant
  4718 | D        | Killed a shadow dragon
  4718 | D        | Reached XP level 16. HP: 110/157 MP: 3/10
  4725 | D        | Killed a vault sentinel
  4725 | D        | Received a gift from Trog
  4734 | D        | Killed an ironheart preserver
  4734 | D        | Reached skill level 14 in Fighting
  4738 | D        | Killed an ironheart preserver
  4738 | D        | Received a gift from Trog
  4742 | D        | Killed a shadow dragon
  4752 | D        | Killed a stone giant
  4752 | D        | Reached skill level 15 in Fighting
  4769 | D        | Received a gift from Trog
  4788 | D        | Noticed a lich
  4788 | D        | Noticed a shadow dragon
  4788 | D        | Noticed an ogre mage
  4788 | D        | Noticed a quicksilver dragon
  4788 | D        | Noticed a vault warden
  4788 | D        | Noticed a shadow dragon
  4788 | D        | Noticed an orc warlord
  4792 | D        | Killed an orc warlord
  4797 | D        | Killed a shadow dragon
  4800 | D        | Noticed a shadow dragon
  4801 | D        | Killed a vault warden
  4817 | D        | Killed a quicksilver dragon
  4817 | D        | Reached skill level 16 in Fighting
  4845 | D        | Killed an ogre mage
  4856 | D        | Killed a shadow dragon
  4856 | D        | Reached skill level 17 in Fighting
  4862 | D        | Killed a lich
  4862 | D        | Received a gift from Trog
  4871 | D        | Killed a shadow dragon
  4871 | D        | Reached skill level 18 in Fighting
  4892 | D        | Noticed a tentacled monstrosity
  4906 | D        | Killed a tentacled monstrosity
  4937 | D        | Got a silver rune of Zot
  4944 | D        | Received a gift from Trog
  4969 | D        | Noticed Mara
  4969 | D        | Noticed Mennas
  4975 | D        | Noticed zercules' illusion
  4982 | D        | Killed Mara
  4982 | D        | Reached skill level 19 in Fighting
  5055 | D        | Killed Mennas
  5055 | D        | Reached skill level 20 in Fighting
  5161 | D        | Got the amulet "Skeavvaig" {Ward rN+ Dex+1 Int+3}
  5165 | D        | Got the ring "Kuowiq" {Str+4 Dex+4 Slay+3}
  5167 | D        | Got the ring of Gaunt {Ice +Blink rN+ Stlth+}
  5169 | D        | Got the ring of Fiedamed {Int+3 Slay+3 SInv}
  5171 | D        | Got the ring "Phekk" {Str+3 Dex-4}
  5340 | D        | Noticed Norris
  5340 | D        | Noticed Margery
  5340 | D        | Noticed a necromancer
  5340 | D        | Noticed a hell knight
  5340 | D        | Noticed a hell knight
  5342 | D        | Noticed a hell knight
  5346 | D        | Noticed a hell knight
  5348 | D        | Killed a necromancer
  5348 | D        | Reached skill level 3 in Evocations
  5361 | D        | Killed Margery
  5361 | D        | Reached skill level 11 in Evocations
  5362 | D        | Killed a hell knight
  5362 | D        | Received a gift from Trog
  5362 | D        | Reached skill level 12 in Evocations
  5375 | D        | Killed Norris
  5375 | D        | Reached skill level 15 in Evocations
  5377 | D        | Killed a hell knight
  5385 | D        | Killed a hell knight
  5385 | D        | Received a gift from Trog
  5385 | D        | Reached skill level 16 in Evocations
  5390 | D        | Killed a hell knight
  5412 | D        | Noticed Frederick
  5431 | D        | Killed Frederick
  5431 | D        | Received a gift from Trog
  5431 | D        | Reached skill level 18 in Evocations
  5466 | D        | Killed an orc knight
  5466 | D        | Received a gift from Trog
  5518 | D        | Noticed a hill giant
  5518 | D        | Noticed a wraith
  5518 | D        | Noticed a cyan ugly thing
  5518 | D        | Noticed an ice beast
  5518 | D        | Noticed a centaur warrior
  5520 | D        | Noticed a skeletal warrior
  5521 | D        | Noticed a yaktaur
  5526 | D        | Killed a centaur warrior
  5526 | D        | Reached skill level 19 in Evocations
  5529 | D        | Killed an ice beast
  5531 | D        | Killed a cyan ugly thing
  5532 | D        | Killed a wraith
  5536 | D        | Killed a hill giant
  5542 | D        | Killed a skeletal warrior
  5542 | D        | Reached skill level 20 in Evocations
  5544 | D        | Killed a yaktaur
  5546 | D        | Received a gift from Trog
  5549 | D        | Got an encrusted mace {god gift}
  5559 | D        | Noticed a trapdoor spider
  5562 | D        | Killed a trapdoor spider
  5564 | D        | Noticed a pale draconian
  5564 | D        | Noticed an ice dragon
  5564 | D        | Noticed a golden dragon
  5564 | D        | Noticed a fire dragon
  5564 | D        | Noticed a red draconian
  5564 | D        | Noticed a fire dragon
  5564 | D        | Noticed a grey draconian
  5570 | D        | Noticed an ice dragon
  5571 | D        | Killed a grey draconian
  5577 | D        | Killed a fire dragon
  5577 | D        | Reached skill level 21 in Evocations
  5580 | D        | Killed a red draconian
  5581 | D        | Noticed a white draconian
  5582 | D        | Noticed a grey draconian
  5586 | D        | Killed a fire dragon
  5586 | D        | Received a gift from Trog
  5586 | D        | Reached skill level 22 in Evocations
  5595 | D        | Killed a golden dragon
  5595 | D        | Reached skill level 23 in Evocations
  5595 | D        | Reached XP level 17. HP: 151/187 MP: 9/30
  5599 | D        | Killed an ice dragon
  5601 | D        | Noticed a mottled draconian
  5604 | D        | Killed a pale draconian
  5604 | D        | Reached skill level 24 in Evocations
  5610 | D        | Killed an ice dragon
  5613 | D        | Noticed a purple draconian
  5615 | D        | Killed a white draconian
  5621 | D        | Killed a grey draconian
  5627 | D        | Killed a mottled draconian
  5627 | D        | Received a gift from Trog
  5627 | D        | Reached skill level 25 in Evocations
  5631 | D        | Killed a purple draconian
  5639 | D        | Received a gift from Trog
  5642 | D        | Got an encrusted morningstar {god gift}
  5643 | D        | Identified the +8 mace "Blody" {crush, rF++ Dex+1 SInv} (Trog gifted it to you in the Dungeon)
  5644 | D        | Identified the cursed +6 morningstar of Corporal Punishment {freeze, Str-6 Curse} (Trog gifted it to you in the Dungeon)
  5707 | D        | Noticed a pale draconian scorcher
  5707 | D        | Noticed a moth of wrath
  5707 | D        | Noticed a yellow draconian shifter
  5707 | D        | Noticed a fire dragon
  5707 | D        | Noticed a tentacled monstrosity
  5707 | D        | Noticed a mottled draconian zealot
  5707 | D        | Noticed a pale draconian
  5714 | D        | Killed a fire dragon
  5716 | D        | Killed a moth of wrath
  5716 | D        | Reached skill level 26 in Evocations
  5727 | D        | Killed a pale draconian
  5732 | D        | Killed a mottled draconian zealot
  5732 | D        | Received a gift from Trog
  5740 | D        | Killed a tentacled monstrosity
  5740 | D        | Reached skill level 24 in Maces & Flails
  5750 | D        | Killed a pale draconian scorcher
  5750 | D        | Reached skill level 23 in Armour
  5769 | D        | Killed a yellow draconian shifter
  5813 | D        | Noticed a storm dragon
  5813 | D        | Noticed a golden dragon
  5813 | D        | Noticed a moth of wrath
  5813 | D        | Noticed a mottled draconian shifter
  5813 | D        | Noticed a black draconian
  5813 | D        | Noticed a purple draconian
  5813 | D        | Noticed a curse toe
  5817 | D        | Noticed a storm dragon
  5820 | D        | Killed a curse toe
  5820 | D        | Reached skill level 21 in Fighting
  5820 | D        | Reached skill level 22 in Dodging
  5826 | D        | Killed a purple draconian
  5833 | D        | Killed a mottled draconian shifter
  5843 | D        | Killed a black draconian
  5843 | D        | Received a gift from Trog
  5845 | D        | Killed a moth of wrath
  5850 | D        | Killed a golden dragon
  5854 | D        | Killed a storm dragon
  5859 | D        | Killed a storm dragon
  5907 | D        | Noticed a mottled draconian
  5907 | D        | Noticed a red draconian
  5907 | D        | Noticed a pale draconian
  5907 | D        | Noticed a yellow draconian
  5907 | D        | Noticed a tentacled monstrosity
  5907 | D        | Noticed a moth of wrath
  5907 | D        | Noticed a golden dragon
  5914 | D        | Noticed a death cob
  5914 | D        | Killed a golden dragon
  5914 | D        | Received a gift from Trog
  5914 | D        | Reached skill level 24 in Armour
  5916 | D        | Killed a moth of wrath
  5922 | D        | Killed a tentacled monstrosity
  5922 | D        | Reached skill level 25 in Maces & Flails
  5926 | D        | Noticed a golden dragon
  5927 | D        | Killed a yellow draconian
  5930 | D        | Killed a pale draconian
  5940 | D        | Killed a red draconian
  5940 | D        | Received a gift from Trog
  5940 | D        | Reached skill level 23 in Dodging
  5946 | D        | Killed a mottled draconian
  5952 | D        | Killed a death cob
  5961 | D        | Killed a golden dragon
  5961 | D        | Reached skill level 22 in Fighting
  5996 | D        | Noticed an ice dragon
  5996 | D        | Noticed a green draconian scorcher
  5996 | D        | Noticed a moth of wrath
  5996 | D        | Noticed a moth of wrath
  5996 | D        | Noticed a mottled draconian
  5996 | D        | Noticed a red draconian
  5996 | D        | Noticed a fire dragon
  5997 | D        | Noticed a mottled draconian zealot
  6004 | D        | Killed a fire dragon
  6004 | D        | Received a gift from Trog
  6013 | D        | Noticed an ice dragon
  6013 | D        | Killed a red draconian
  6018 | D        | Killed a mottled draconian
  6020 | D        | Killed a moth of wrath
  6022 | D        | Killed a moth of wrath
  6028 | D        | Killed a green draconian scorcher
  6033 | D        | Killed an ice dragon
  6042 | D        | Killed a mottled draconian zealot
  6050 | D        | Killed an ice dragon
  6055 | D        | Reached skill level 25 in Armour
  6059 | D        | Received a gift from Trog
  6195 | D        | Noticed an Orb Guardian
  6195 | D        | Noticed an Orb Guardian
  6195 | D        | Noticed an Orb Guardian
  6195 | D        | Noticed an Orb Guardian
  6195 | D        | Noticed an Orb Guardian
  6195 | D        | Noticed an Orb Guardian
  6195 | D        | Noticed an Orb Guardian
  6200 | D        | Killed an Orb Guardian
  6201 | D        | Noticed an Orb Guardian
  6204 | D        | Killed an Orb Guardian
  6205 | D        | Noticed an Orb Guardian
  6209 | D        | Killed an Orb Guardian
  6209 | D        | Reached skill level 24 in Dodging
  6217 | D        | Killed an Orb Guardian
  6217 | D        | Received a gift from Trog
  6226 | D        | Killed an Orb Guardian
  6226 | D        | Reached skill level 26 in Maces & Flails
  6226 | D        | Gained mutation: You passively map a large area around you. [level up]
  6226 | D        | Reached XP level 18. HP: 152/204 MP: 14/32
  6234 | D        | Killed an Orb Guardian
  6237 | D        | Killed an Orb Guardian
  6242 | D        | Killed an Orb Guardian
  6242 | D        | Reached skill level 23 in Fighting
  6243 | D        | Noticed an Orb Guardian
  6250 | D        | Killed an Orb Guardian
  6256 | D        | Killed an Orb Guardian
  6256 | D        | Received a gift from Trog
  6256 | D        | Reached skill level 26 in Armour
  6261 | D        | Got a pitted flail {god gift}
  6266 | D        | Identified the +0 flail "Cyikhex" {freeze, +Rage rN+} (Trog gifted it to you in the Dungeon)
  6301 | D        | Noticed an Orb Guardian
  6301 | D        | Noticed a storm dragon
  6301 | D        | Noticed a fire dragon
  6301 | D        | Noticed an Orb Guardian
  6301 | D        | Noticed an Orb Guardian
  6301 | D        | Noticed a tentacled monstrosity
  6301 | D        | Noticed a moth of wrath
  6305 | D        | Killed a moth of wrath
  6314 | D        | Killed a tentacled monstrosity
  6314 | D        | Reached skill level 25 in Dodging
  6315 | D        | Noticed an Orb Guardian
  6324 | D        | Killed an Orb Guardian
  6329 | D        | Killed an Orb Guardian
  6336 | D        | Killed a fire dragon
  6346 | D        | Killed a storm dragon
  6353 | D        | Killed an Orb Guardian
  6357 | D        | Killed an Orb Guardian
  6357 | D        | Received a gift from Trog
  6357 | D        | Reached skill level 27 in Maces & Flails
  6436 | D        | Noticed an ancient lich
  6445 | D        | Killed an ancient lich
  6445 | D        | Reached skill level 24 in Fighting
  6445 | D        | Reached skill level 27 in Armour
  6445 | D        | Reached skill level 26 in Dodging
  6448 | D        | Noticed an orb of fire
  6450 | D        | Gained mutation: You tend to lose your temper in combat. [an orb of fire]
  6459 | D        | Gained mutation: Your magical capacity is low (-10% MP). [an orb of fire]
  6461 | D        | Gained mutation: You can spit poison. [an orb of fire]
  6469 | D        | Killed an orb of fire
  6536 | D        | Noticed an electric golem
  6543 | D        | Killed an electric golem
  6546 | D        | Noticed an Orb Guardian
  6546 | D        | Noticed a storm dragon
  6546 | D        | Noticed an Orb Guardian
  6546 | D        | Noticed an orb of fire
  6546 | D        | Noticed a white draconian
  6546 | D        | Noticed an electric golem
  6546 | D        | Noticed an ancient lich
  6550 | D        | Killed an ancient lich
  6550 | D        | Reached skill level 25 in Fighting
  6550 | D        | Reached skill level 27 in Dodging
  6562 | D        | Killed an electric golem
  6562 | D        | Reached skill level 26 in Fighting
  6563 | D        | Noticed an orb of fire
  6571 | D        | Killed a white draconian
  6572 | D        | Gained mutation: You are frail (-10% HP). [an orb of fire]
  6578 | D        | Gained mutation: You are very dopey. (Int -4) [an orb of fire]
  6580 | D        | Noticed a tentacled monstrosity
  6581 | D        | Gained mutation: You are very frail (-20% HP). [an orb of fire]
  6590 | D        | Killed an orb of fire
  6590 | D        | Reached skill level 27 in Fighting
  6590 | D        | Reached skill level 5 in Throwing
  6598 | D        | Killed an Orb Guardian
  6598 | D        | Reached skill level 7 in Throwing
  6607 | D        | Killed a storm dragon
  6607 | D        | Reached skill level 9 in Throwing
  6610 | D        | Killed an Orb Guardian
  6610 | D        | Received a gift from Trog
  6610 | D        | Reached skill level 10 in Throwing
  6613 | D        | Gained mutation: Your vision is a little blurry. [an orb of fire]
  6619 | D        | Noticed an orb of fire
  6619 | D        | Gained mutation: You occasionally shout uncontrollably at your foes. [an orb of fire]
  6620 | D        | Gained mutation: You are clumsy. (Dex -2) [an orb of fire]
  6636 | D        | Killed an orb of fire
  6636 | D        | Reached skill level 13 in Throwing
  6636 | D        | Reached XP level 19. HP: 101/180 MP: 16/29
  6643 | D        | Killed a tentacled monstrosity
  6643 | D        | Received a gift from Trog
  6643 | D        | Reached skill level 14 in Throwing
  6644 | D        | HP: 34/180 [orb of fire/bolt of fire (18)]
  6646 | D        | Gained mutation: You often lose your temper in combat. [an orb of fire]
  6653 | D        | Gained mutation: Your spells are a little easier to cast, but a little less powerful. [an orb of fire]
  6657 | D        | Killed an orb of fire
  6657 | D        | Reached skill level 16 in Throwing
  6663 | D        | Noticed an orb of fire
  6663 | D        | Gained mutation: You are weak. (Str -2) [an orb of fire]
  6664 | D        | Noticed an ancient lich
  6665 | D        | Noticed a Killer Klown
  6666 | D        | Noticed a red draconian scorcher
  6673 | D        | Gained mutation: Your magical capacity is very low (-20% MP). [an orb of fire]
  6676 | D        | Gained mutation: Armour fits poorly on your strangely shaped body. [an orb of fire]
  6677 | D        | Gained mutation: Your body is slowly deteriorating. [an orb of fire]
  6683 | D        | Gained mutation: You have difficulty communicating with the divine. [an orb of fire]
  6688 | D        | Gained mutation: You are very weak. (Str -4) [an orb of fire]
  6688 | D        | HP: 36/180 [hellion/burst of hellfire[an ancient lich] (29)]
  6697 | D        | Killed an orb of fire
  6697 | D        | Reached skill level 18 in Throwing
  6703 | D        | Killed a Killer Klown
  6703 | D        | Reached skill level 19 in Throwing
  6703 | D        | HP: 49/270 [hellion/burst of hellfire[an ancient lich] (31)]
  6714 | D        | Killed an ancient lich
  6714 | D        | Received a gift from Trog
  6714 | D        | Reached skill level 20 in Throwing
  6716 | D        | HP: 39/270 [red draconian scorcher/searing blast (10)]
  6721 | D        | Killed a red draconian scorcher
  6859 | D        | Noticed a moth of wrath
  6859 | D        | Noticed an Orb Guardian
  6859 | D        | Noticed an Orb Guardian
  6859 | D        | Noticed an Orb Guardian
  6859 | D        | Noticed an Orb Guardian
  6859 | D        | Noticed an Orb Guardian
  6859 | D        | Noticed an Orb Guardian
  6866 | D        | Killed an Orb Guardian
  6866 | D        | Reached skill level 21 in Throwing
  6869 | D        | Killed an Orb Guardian
  6888 | D        | Killed an Orb Guardian
  6897 | D        | Killed an Orb Guardian
  6897 | D        | Reached skill level 22 in Throwing
  6907 | D        | Killed an Orb Guardian
  6914 | D        | Killed an Orb Guardian
  6920 | D        | Killed a moth of wrath
  6921 | D        | Noticed an Orb Guardian
  6934 | D        | Killed an Orb Guardian
  6934 | D        | Reached skill level 23 in Throwing
  7002 | D        | Noticed an Orb Guardian
  7003 | D        | Noticed an Orb Guardian
  7004 | D        | Noticed an Orb Guardian
  7005 | D        | Noticed an Orb Guardian
  7006 | D        | Noticed a moth of wrath
  7009 | D        | Killed an Orb Guardian
  7009 | D        | Received a gift from Trog
  7014 | D        | Killed an Orb Guardian
  7020 | D        | Killed an Orb Guardian
  7020 | D        | Reached skill level 24 in Throwing
  7026 | D        | Killed an Orb Guardian
  7031 | D        | Killed a moth of wrath
  7032 | D        | Noticed an Orb Guardian
  7034 | D        | Got the Orb of Zot
  7039 | D        | Killed an Orb Guardian
  7039 | D        | Reached skill level 25 in Throwing
  7135 | D        | Received a gift from Trog
  7197 | D        | Noticed Gefe Lau the pandemonium lord
  7203 | D        | Killed Gefe Lau the pandemonium lord
  7205 | D        | Noticed a Brimstone Fiend
  7214 | D        | Killed a Brimstone Fiend
  7214 | D        | Reached skill level 26 in Throwing
  7546 | D        | Received a gift from Trog
  7637 | D        | Received a gift from Trog
  7736 | D        | Reached skill level 27 in Throwing
  7828 | D        | Reached skill level 27 in Evocations
  7934 | D        | Received a gift from Trog
  7934 | D        | Reached skill level 26 in Shields
  7934 | D        | Reached XP level 20. HP: 113/188 MP: 8/24
  7974 | D        | Received a gift from Trog
  8028 | D        | Reached skill level 27 in Shields
  8028 | D        | Reached skill level 1 in Crossbows
  8034 | D        | Reached skill level 2 in Crossbows
  8052 | D        | Reached skill level 4 in Crossbows
  8079 | D        | Noticed Hymaun the pandemonium lord
  8105 | D        | Killed Hymaun the pandemonium lord
  8105 | D        | Reached skill level 9 in Crossbows
  8110 | D        | Reached skill level 10 in Crossbows
  8163 | D        | Received a gift from Trog
  8163 | D        | Reached skill level 11 in Crossbows
  8243 | D        | Received a gift from Trog
  8263 | D        | Reached skill level 13 in Crossbows
  8272 | D        | Received a gift from Trog
  8439 | D        | Reached skill level 14 in Crossbows
  8454 | D        | Reached skill level 15 in Crossbows
  8463 | D        | Received a gift from Trog
  8463 | D        | Reached skill level 16 in Crossbows
  8483 | D        | Received a gift from Trog
  8483 | D        | Reached skill level 17 in Crossbows
  8622 | D        | Reached skill level 18 in Crossbows
  8631 | D        | Received a gift from Trog
  8668 | D        | Reached skill level 19 in Crossbows
  8717 | D        | Reached skill level 20 in Crossbows
  8766 | D        | Reached skill level 21 in Crossbows
  8829 | D        | Noticed Kleyre the pandemonium lord
  8848 | D        | Killed Kleyre the pandemonium lord
  8848 | D        | Reached skill level 22 in Crossbows
  8853 | D        | Killed a lindwurm
  8853 | D        | Received a gift from Trog
  8853 | D        | Reached skill level 23 in Crossbows
  8935 | D        | Noticed Hyniunoh the pandemonium lord
  8948 | D        | Killed Hyniunoh the pandemonium lord
  8953 | D        | Reached skill level 24 in Crossbows
  9006 | D        | Received a gift from Trog
  9085 | D        | Reached skill level 25 in Crossbows
  9143 | D        | Received a gift from Trog
  9145 | D        | Received a gift from Trog
  9148 | D        | Reached skill level 26 in Crossbows
  9201 | D        | Received a gift from Trog
  9206 | D        | Reached skill level 27 in Crossbows
  9206 | D        | Reached skill level 1 in Stealth
  9208 | D        | Reached skill level 3 in Stealth
  9209 | D        | Reached skill level 5 in Stealth
  9230 | D        | Reached skill level 6 in Stealth
  9239 | D        | Reached skill level 7 in Stealth
  9245 | D        | Reached skill level 8 in Stealth
  9249 | D        | Received a gift from Trog
  9249 | D        | Reached skill level 9 in Stealth
  9262 | D        | Reached skill level 11 in Stealth
  9272 | D        | Reached skill level 12 in Stealth
  9311 | D        | Noticed Hyor the pandemonium lord
  9324 | D        | HP: 29/188 [hellion/burst of hellfire (25)]
  9324 | D        | Reached skill level 13 in Stealth
  9326 | D        | Killed from afar by Hyor the pandemonium lord

Vanquished Creatures
  5 orbs of fire (D)
  3 ancient liches (D)
  Boris (D)
  3 pandemonium lords (D)
  Margery (D)
  Norris (D)
  A Killer Klown (D)
  Mara (D)
  Mennas (D)
  5 golden dragons (D)
  Jory (D)
  Xtahua (D)
  Frederick (D)
  Nikola (D)
  2 electric golems (D)
  4 tentacled monstrosities (D)
  39 Orb Guardians (D)
  2 Ice Fiends (D)
  A quicksilver dragon (D)
  4 storm dragons (D)
  2 liches (D)
  4 shadow dragons (D)
  A thorn hunter (D)
  4 greater nagas (D)
  3 draconian scorchers (D)
  2 ghost moths (D)
  2 balrugs (D)
  Louise (D)
  A frost giant (D)
  2 cacodemons (D)
  3 emperor scorpions (D)
  Gastronok (D)
  2 draconian zealots (D)
  3 reapers (D)
  3 stone giants (D)
  2 draconian shifters (D)
  A very ugly thing (D)
  2 grey draconians (D)
  A lorocyproca (D)
  3 mottled draconians (D)
  A purple draconian (D)
  A black draconian (D)
  2 white draconians (D)
  3 red draconians (D)
  A black sun (D)
  A blizzard demon (D)
  2 pale draconians (D)
  2 merfolk javelineers (D)
  13 vault guards (D)
  6 fire dragons (D)
  3 merfolk impalers (D)
  3 ironheart preservers (D)
  3 great orbs of eyes (D)
  A death cob (D)
  4 ice dragons (D)
  Harold (D)
  8 hydras (D)
  A naga warrior (D)
  A siren (D)
  A monstrous demonspawn (D)
  3 centaur warriors (D)
  2 ogre magi (D)
  A deep troll earth mage (D)
  A spriggan berserker (D)
  2 orc high priests (D)
  5 soul eaters (D)
  4 hell knights (D)
  A naga sharpshooter (D)
  5 sun demons (D)
  A shock serpent (D)
  2 shadow wraiths (D)
  A skeletal warrior (D)
  An infernal demonspawn (D)
  A shadow demon (D)
  A sea snake (D)
  An ice devil (D)
  3 gelid demonspawn (D)
  2 hellions (D)
  An ironbrand convoker (D)
  6 swamp dragons (D)
  3 torturous demonspawn (D)
  A shadow dragon zombie (D)
  5 lindwurms (D)
  A harpy (D)
  2 hill giants (D)
  A wolf spider (D)
  2 necromancers (D)
  8 orc knights (D)
  A griffon (D)
  A human zombie (D)
  3 ugly things (D)
  3 guardian serpents (D)
  A cyclops (D)
  12 moths of wrath (D)
  2 black mambas (D)
  2 mermaids (D)
  7 sixfirhies (D)
  A faun (D)
  3 vault sentinels (D)
  A tormentor (D)
  5 iron devils (D)
  2 naga magi (D)
  7 smoke demons (D)
  9 orange demons (D)
  A gargoyle (D)
  A spiny frog (D)
  A demonic crawler (D)
  A komodo dragon (D)
  8 red devils (D)
  A freezing wraith (D)
  A yaktaur (D)
  3 jumping spiders (D)
  9 hellwings (D)
  4 merfolk (D)
  3 blue devils (D)
  A baby alligator (shapeshifter) (D)
  A blink frog (D)
  A slime creature (shapeshifter) (D)
  2 snapping turtles (D)
  A fire vortex (D)
  3 boulder beetles (D)
  2 trolls (D)
  A moth of wrath zombie (D)
  2 redbacks (D)
  A fire dragon zombie (D)
  2 slime creatures (D)
  5 wraiths (D)
  3 trapdoor spiders (D)
  2 ynoxinuls (D)
  A wyvern (D)
  A tarantella (D)
  A deep elf mage (D)
  A vampire (D)
  3 neqoxecs (D)
  A shadow (D)
  A soldier ant (D)
  A chaos spawn (D)
  5 nagas (D)
  An ogre zombie (D)
  4 water moccasins (D)
  A swamp drake (D)
  An ice beast (D)
  A phantom (D)
  A small abomination (D)
  9 orc warriors (D)
  2 porcupines (D)
  A yellow wasp (D)
  A crocodile (D)
  2 brain worms (D)
  2 giant frogs (D)
  A wyvern zombie (D)
  2 scorpions (D)
  An eye of draining (shapeshifter) (D)
  A wight (D)
  A crimson imp (D)
  A jelly (D)
  2 hounds (D)
  2 orc priests (D)
  An iron imp (D)
  An iguana (D)
  An elf skeleton (D)
  2 orc wizards (D)
  4 adders (D)
  A green rat (D)
  3 shadow imps (D)
  2 white imps (D)
  4 ufetubi (D)
  10 orcs (D)
  2 bats (D)
  2 giant cockroaches (D)
  A goblin (D)
  A hobgoblin (D)
  2 quokkas (D)
  A giant cockroach zombie (D)
  A goblin zombie (D)
  A hobgoblin zombie (D)
  A kobold (D)
  A kobold skeleton (D)
  2 rats (D)
  A rat zombie (D)
463 creatures vanquished.

Vanquished Creatures (collateral kills)
  A curse toe (D)
  A Brimstone Fiend (D)
  A pandemonium lord (D)
  A tentacled monstrosity (D)
  An Orb Guardian (D)
  A lich (D)
  A shadow dragon (D)
  Ilsuiw (D)
  A fire giant (D)
  A greater naga (D)
  A vault warden (D)
  An orc warlord (D)
  An emperor scorpion (D)
  A reaper (D)
  3 stone giants (D)
  A dire elephant (D)
  A yellow draconian (D)
  A pale draconian (D)
  A purple draconian (D)
  12 vault guards (D)
  An ice dragon (D)
  2 ironheart preservers (D)
  A spriggan air mage (D)
  A siren (D)
  2 merfolk aquamancers (D)
  A centaur warrior (D)
  A death yak (D)
  A deep troll shaman (D)
  A naga sharpshooter (D)
  5 orc high priests (D)
  A fire crab (shapeshifter) (D)
  An orb spider (shapeshifter) (D)
  2 flayed ghosts (D)
  An orc knight (D)
  An ironbrand convoker (D)
  4 ugly things (D)
  A hellion (D)
  A griffon (D)
  An iron devil (D)
  An orange demon (D)
  2 yaktaurs (D)
  2 hellwings (D)
  A red devil (D)
  A chaos spawn (D)
  A deep elf fighter (D)
  A vampire mosquito (D)
71 creatures vanquished.

Vanquished Creatures (others)
  5 stone giants (D)
  A blood saint (D)
  A merfolk javelineer (D)
  A hydra (D)
  2 deep trolls (D)
  An iron troll (D)
  6 hill giants (D)
  A lindwurm (D)
  A sixfirhy (D)
  2 orc knights (D)
  An iron devil (D)
  6 trolls (D)
  A deep elf fighter (D)
  A water moccasin (D)
  An orc warrior (D)
  A briar patch (D)
  A fungus (D)
  2 plants (D)
35 creatures vanquished.

Grand Total: 569 creatures vanquished
